 Dungeon Crawl Stone Soup version 0.13-a0-3092-g1832de8 (webtiles) character file.

24667 PolkaDot the Cloud Mage (level 12, 0/72 HPs)
             Began as a Vampire Wizard on Sept 18, 2013.
             Was the Champion of Sif Muna.
             Slain by a black mamba (12 damage)
             ... on Level 1 of the Lair of Beasts.
             The game lasted 02:38:07 (23692 turns).

PolkaDot the Cloud Mage (Vampire Wizard)           Turns: 23692, Time: 02:38:07

HP   0/72        AC  6     Str  6      XL: 12   Next: 75%
MP   0/29        EV 12     Int 27      God: Sif Muna [******]
Gold 844         SH  0     Dex 12      Spells:  9 memorised,  3 levels left

Res.Fire  : + + .   See Invis. : +   q - +0,+1 orc short sword (elec)
Res.Cold  : . . .   Warding    : .   m - +2 robe of the Black Moon {rF+ rC+ Int+3}
Life Prot.: + . .   Conserve   : .   (no shield)
Res.Poison: +       Res.Corr.  : .   b - +1 wizard hat
Res.Elec. : .       Clarity    : .   w - +0 dwarf cloak
Sust.Abil.: . .     Spirit.Shd : +   (no gloves)
Res.Mut.  : .       Stasis     : .   (no boots)
Res.Rott. : .       Flight     : .   a - amulet of guardian spirit
Saprovore : . . .                    E - ring of fire
                                     l - ring of poison resistance

@: quick, somewhat resistant to hostile enchantments, stealthy
A: bottle blood, fangs 3, camouflage 1, see invisible, spit poison 1,
unbreathing
a: Spit Poison, Bat Form, Bottle Blood, Channel Energy, Forget Spell, Renounce
Religion


You were on level 1 of the Lair of Beasts.
You worshipped Sif Muna.
Sif Muna was exalted by your worship.
You were not thirsty.

You visited 3 branches of the dungeon, and saw 15 of its levels.

You collected 824 gold pieces.

Inventory:

Hand weapons
 q - a +0,+1 orcish short sword of electrocution (weapon)
Armour
 b - a +1 wizard hat (worn)
 m - the +2 robe of the Black Moon (worn) {rF+ rC+ Int+3}
   (You found it on level 12 of the Dungeon)

   It affects your intelligence (+3).
   It protects you from fire.
   It protects you from cold.
 p - a cursed +0 buckler
 w - a +0 dwarven cloak (worn)
 z - a +0 troll hide
Magical devices
 v - a wand of slowing (4)
 D - a wand of slowing (15)
 I - a wand of fire (7)
Scrolls
 h - 2 scrolls of identify
 i - 2 scrolls of fear
 j - a scroll of remove curse
 k - 3 scrolls of fog
 u - 5 scrolls of enchant armour
 A - 2 scrolls of enchant weapon II
 C - a scroll of vulnerability
 H - a scroll of enchant weapon I
Jewellery
 a - an amulet of guardian spirit (around neck)
 g - an uncursed ring of sustenance
 l - a ring of poison resistance (left hand)
 n - an uncursed ring of flight
 y - an uncursed ring of hunger
 E - a ring of fire (right hand)
 G - a cursed ring of teleportation
Potions
 e - 2 potions of curing
 o - a potion of flight
 s - 2 potions of restore abilities
 t - a potion of berserk rage
Books
 c - a book of Minor Magic

   Spells                             Type                      Level
   *Magic Dart                        Conjuration                  1
   *Blink                             Translocation                2
   Call Imp                           Summoning                    2
   *Repel Missiles                    Charms/Air                   2
   Slow                               Hexes                        2
   *Conjure Flame                     Conjuration/Fire             3
   *Mephitic Cloud                    Conjuration/Poison/Air       3
 f - the Papyrus of Assistive Confrontation
   (You found it on level 12 of the Dungeon)

   Spells                             Type                      Level
   *Magic Dart                        Conjuration                  1
   Sting                              Conjuration/Poison           1
   *Repel Missiles                    Charms/Air                   2
   Throw Flame                        Conjuration/Fire             2
   *Control Teleport                  Charms/Translocation         4
   Bolt of Draining                   Conjuration/Necromancy       6
 r - a book of the Earth

   Spells                             Type                      Level
   Dig                                Earth                        4
   Leda's Liquefaction                Hexes/Earth                  4
   Bolt of Magma                      Conjuration/Fire/Earth       5
   Statue Form                        Transmutation/Earth          6
   Iron Shot                          Conjuration/Earth            6
   Shatter                            Earth                        9
 x - Sif Muna's Collected Works on Flight
   (Sif Muna gifted it to you on level 11 of the Dungeon)

   Spells                             Type                      Level
   Shock                              Conjuration/Air              1
   *Swiftness                         Charms/Air                   2
   *Static Discharge                  Conjuration/Air              3
   Deflect Missiles                   Charms/Air                   6
 B - Sif Muna's Incunabulum of Air
   (Sif Muna gifted it to you on level 10 of the Dungeon)

   Spells                             Type                      Level
   *Swiftness                         Charms/Air                   2
   *Airstrike                         Air                          4
   Silence                            Hexes/Air                    5
   Tornado                            Air                          9
 F - Xubeleas' Grimoire of Confrontation and Ignition
   (Sif Muna gifted it to you on level 13 of the Dungeon)

   Spells                             Type                      Level
   Flame Tongue                       Conjuration/Fire             1
   Sticky Flame                       Conjuration/Fire             4
   Bolt of Fire                       Conjuration/Fire             6
   Fire Storm                         Conjuration/Fire             9
Magical staves
 d - an uncursed staff of death


   Skills:
 - Level 2.1 Dodging
 - Level 3.0 Stealth
 * Level 8.4 Spellcasting
 - Level 6.5 Conjurations
 + Level 5.9 Charms
   Level 1.0 Summonings
 - Level 1.7 Translocations
 - Level 8.8 Fire Magic
 * Level 12.9 Air Magic
 - Level 2.4 Invocations


You had 3 spell levels left.
You knew the following spells:

 Your Spells              Type           Power        Failure   Level  Hunger
a - Magic Dart            Conj           ####         1%          1    None
d - Mephitic Cloud        Conj/Pois/Air  #####...     1%          3    None
e - Blink                 Tloc           N/A          4%          2    None
q - Swiftness             Chrm/Air       ######....   1%          2    None
r - Control Teleport      Chrm/Tloc      ####......   14%         4    ##.....
s - Conjure Flame         Conj/Fire      ######..     1%          3    None
w - Repel Missiles        Chrm/Air       ######....   1%          2    None
x - Airstrike             Air            ######....   1%          4    ##.....
z - Static Discharge      Conj/Air       ######..     1%          3    None


Dungeon Overview and Level Annotations

Branches:
Dungeon (13/27)            Temple (1/1) D:5             Orc (0/4) D:6
   Lair (1/8) D:13

Altars:
Ashenzari
Cheibriados
Elyvilon
Fedhas
Kikubaaqudgha
Makhleb
Nemelex Xobeh
Okawaru
Sif Muna
Trog
Vehumet
Xom
Yredelemnul
Zin
the Shining One
Beogh

Shops:
D:6 ?

Annotations:
D:10 exclusions: orange crystal statue and silver statue
D:13 Gastronok


Innate Abilities, Weirdness & Mutations

You can bottle blood from corpses.
You have razor-sharp teeth.*
You have supernaturally acute eyesight.
You can survive without breathing.*
Your skin changes colour to match your surroundings (Stlth).*
You can spit poison.+


Message History

You feel better. The black mamba bites you!
The spiny frog is engulfed in roaring flames.
You kill the spiny frog!
The black mamba bites you but does no damage.
Drink which item? (? for menu, Esc to quit)
You feel better. The black mamba bites you!
* * * LOW HITPOINT WARNING * * *
The black mamba bites you.
* * * LOW HITPOINT WARNING * * *
Read which item? (? for menu, Esc to quit)
Okay, then.
Casting: Static Discharge
Confirm with . or Enter, or press ? or * to list all spells.
You don't have enough magic to cast that spell.
Use which ability? (? or * to list)
You channel some magical energy.
The black mamba closely misses you.
Casting: Static Discharge
Confirm with . or Enter, or press ? or * to list all spells.
You feel quick. The black mamba bites you!
You die...

#.# #F.≈≈≈≈≈≈f.. #####%#
### #.S..≈≈≈≈...
#...%.####.####....f≈≈f...
#.....%..%(.....fS....%...
#....%#.###f.##..%...%....
#.......# #### #....%.+
#...^...# #####.#....#
####....#####f##..#....#
#..#..@S§§%%....#####
#.....####.###### ###
##(.)..........# #.#
##......##..#...# #.#
#.....#.....#.#.# ##.#
#.#...........#.#
#..###...###.##.#..#.#
##.##..#.............#
#.....#.#############


You could see a black mamba.

Vanquished Creatures
  2 hydras
  Urug (D:13)
  Nergalle (D:10)
  2 unseen horrors
  3 skeletal warriors (D:11)
  3 cyclopes
  Maurice (D:9)
  2 trolls (D:11)
  2 spiny frogs (Lair:1)
  2 hydra zombies (D:13)
  2 two-headed ogres (D:12)
  3 blink frogs (Lair:1)
  A hydra skeleton (D:10)
  Prince Ribbit (D:6)
  4 slime creatures (D:12)
  A griffon zombie (D:12)
  2 wraiths
  2 wyverns
  4 ugly things (D:13)
  4 yaks (D:10)
  A neqoxec (D:10)
  2 vampire mosquitoes (D:12)
  3 hippogriffs
  6 hungry ghosts
  2 manticores
  Menkaure (D:7)
  7 necrophages
  A mottled dragon (D:13)
  A soldier ant (D:10)
  14 orc warriors
  4 ice beasts
  5 phantoms
  A deep dwarf (D:12)
  6 ogres
  6 sky beasts
  7 centaurs
  Sigmund (D:3)
  A crocodile (Lair:1)
  A komodo dragon zombie (D:10)
  2 big kobolds
  7 giant frogs
  A yaktaur zombie (D:12)
  Blork the orc (D:6)
  A water moccasin (D:10)
  A cyclops skeleton (D:11)
  A wyvern skeleton (D:13)
  13 killer bees
  A troll zombie (D:12)
  6 jellies
  11 wights
  A jellyfish (Lair:1)
  2 electric eels (Lair:1)
  5 goliath beetles
  3 yak skeletons
  13 crimson imps
  A quasit (D:9)
  A giant frog zombie (D:11)
  2 gnoll shamans (D:9)
  2 black bear zombies
  6 hounds
  8 orc priests
  A centaur skeleton (D:5)
  6 scorpions
  13 orc wizards
  10 worker ants
  2 iguanas
  A water moccasin skeleton (D:9)
  A big kobold zombie (D:12)
  Terence (D:2)
  A hound skeleton (D:5)
  11 gnolls (D:9)
  23 green rats
  A worm zombie (D:5)
  10 adders
  2 giant centipedes
  6 worms
  A giant mite (D:4)
  An inept feature mimic (D:5)
  An adder skeleton (D:9)
  A grey rat (D:13)
  An iguana skeleton (D:5)
  10 giant geckos
  2 oozes (D:1)
  96 orcs
  20 bats
  A bat zombie (D:8)
  9 giant cockroaches
  13 goblins
  14 hobgoblins
  11 jackals
  6 quokkas
  3 giant newts
  A giant spore (D:13)
  A goblin skeleton (D:4)
  A hobgoblin zombie (D:6)
  22 kobolds
  A kobold skeleton (D:6)
  A kobold zombie (D:5)
  2 orc zombies
  19 rats
  9 ballistomycetes (D:13)
538 creatures vanquished.

Vanquished Creatures (others)
  2 giant spores (D:13)
  A bush (D:12)
  5 plants (D:12)
8 creatures vanquished.

Grand Total: 546 creatures vanquished

Notes
Turn   | Place    | Note
--------------------------------------------------------------
     0 | D:1      | PolkaDot, the Vampire Wizard, began the quest for the Orb.
     0 | D:1      | Reached XP level 1. HP: 11/11 MP: 6/6
   215 | D:1      | Reached skill level 1 in Conjurations
   534 | D:1      | Reached XP level 2. HP: 17/17 MP: 6/8
  1269 | D:1      | Reached XP level 3. HP: 22/22 MP: 6/10
  1881 | D:2      | Reached XP level 4. HP: 28/28 MP: 9/12
  1889 | D:2      | Noticed Terence
  1895 | D:2      | Learned a level 3 spell: Conjure Flame
  1899 | D:2      | Learned a level 3 spell: Mephitic Cloud
  2058 | D:2      | Killed Terence
  2709 | D:3      | Noticed Sigmund
  2765 | D:3      | Gained mutation: You can spit poison. [potion of beneficial mutation]
  2772 | D:3      | Killed Sigmund
  2772 | D:3      | Reached XP level 5. HP: 33/33 MP: 1/14
  3559 | D:5      | Entered Level 5 of the Dungeon
  3668 | D:5      | Noticed a sky beast
  3819 | D:5      | Killed a sky beast
  3819 | D:5      | Reached skill level 4 in Conjurations
  3819 | D:5      | Reached XP level 6. HP: 39/39 MP: 9/16
  4426 | D:5      | Noticed a sky beast
  4461 | D:5      | Killed a sky beast
  4461 | D:5      | Reached skill level 5 in Conjurations
  4461 | D:5      | Reached XP level 7. HP: 36/44 MP: 0/18
  4690 | D:5      | Found a staircase to the Ecumenical Temple.
  4698 | Temple   | Entered the Ecumenical Temple
  4947 | Temple   | Became a worshipper of Sif Muna the Loreminder
  5263 | D:4      | Reached skill level 1 in Air Magic
  5310 | D:4      | Reached skill level 1 in Fire Magic
  5885 | D:4      | Noticed an ogre
  5895 | D:4      | Killed an ogre
  6557 | D:5      | Acquired Sif Muna's first power
  6647 | D:5      | Noticed an ogre
  6662 | D:5      | Killed an ogre
  6662 | D:5      | Reached XP level 8. HP: 50/50 MP: 8/20
  6974 | D:5      | Noticed a centaur
  7011 | D:5      | Killed a centaur
  7258 | D:6      | Acquired Sif Muna's second power
  7508 | D:6      | Noticed Blork the orc
  7534 | D:6      | Killed Blork the orc
  7635 | D:6      | Found a deep blue altar of Sif Muna.
  7698 | D:6      | Reached skill level 5 in Air Magic
  7963 | D:6      | Found a staircase to the Orcish Mines.
  7990 | D:6      | Reached XP level 9. HP: 41/55 MP: 11/21
  8110 | D:6      | Found Qov Ofra's Magic Scroll Emporium.
  8147 | D:6      | Noticed Prince Ribbit
  8171 | D:6      | Killed Prince Ribbit
  8337 | D:7      | Reached skill level 5 in Fire Magic
  8358 | D:7      | Reached skill level 6 in Air Magic
  8605 | D:7      | Found a radiant altar of Vehumet.
  8971 | D:7      | Acquired Sif Muna's third power
  9199 | D:7      | Noticed Menkaure
  9207 | D:7      | Killed Menkaure
  9490 | D:8      | Reached skill level 7 in Air Magic
 10237 | D:9      | Noticed Maurice
 10279 | D:9      | Reached XP level 10. HP: 61/61 MP: 10/22
 10381 | D:9      | Killed Maurice
 10381 | D:9      | Reached skill level 8 in Air Magic
 10484 | D:9      | Gained mutation: Your skin changes colour to match your surroundings (Stlth). [potion of beneficial mutation]
 10505 | D:9      | Found a roughly hewn altar of Beogh.
 11425 | D:9      | Reached skill level 5 in Spellcasting
 11805 | D:10     | Entered Level 10 of the Dungeon
 11925 | D:10     | Reached skill level 9 in Air Magic
 12375 | D:10     | Reached skill level 1 in Invocations
 12384 | D:10     | Received a gift from Sif Muna
 12385 | D:10     | Identified Sif Muna's Incunabulum of Air (Sif Muna gifted it to you on level 10 of the Dungeon)
 12449 | D:10     | Noticed Nergalle
 12623 | D:9      | Learned a level 2 spell: Repel Missiles
 12626 | D:9      | Learned a level 2 spell: Swiftness
 12631 | D:9      | Learned a level 4 spell: Airstrike
 12634 | D:9      | Learned a level 2 spell: Blink
 13629 | D:10     | Reached XP level 11. HP: 66/66 MP: 2/24
 13800 | D:10     | Killed Nergalle
 14161 | D:11     | Noticed a skeletal warrior
 14161 | D:11     | Noticed a skeletal warrior
 14161 | D:11     | Noticed a skeletal warrior
 14261 | D:10     | Reached skill level 10 in Air Magic
 15132 | D:11     | Killed a skeletal warrior
 15241 | D:11     | Killed a skeletal warrior
 15452 | D:11     | Killed a skeletal warrior
 15981 | D:11     | Reached skill level 1 in Charms
 16116 | D:11     | Received a gift from Sif Muna
 16117 | D:11     | Identified Sif Muna's Collected Works on Flight (Sif Muna gifted it to you on level 11 of the Dungeon)
 16122 | D:11     | Learned a level 3 spell: Static Discharge
 16150 | D:11     | Noticed an unseen horror
 16154 | D:11     | Killed an unseen horror
 16325 | D:11     | Reached skill level 11 in Air Magic
 17606 | D:12     | Got a steaming robe
 17607 | D:12     | Identified the +2 robe of the Black Moon {rF+ rC+ Int+3} (You found it on level 12 of the Dungeon)
 18161 | D:12     | Reached XP level 12. HP: 57/72 MP: 18/27
 18289 | D:12     | Identified the Papyrus of Assistive Confrontation
 18295 | D:12     | Learned a level 4 spell: Control Teleport
 18648 | D:12     | Reached skill level 1 in Translocations
 18865 | D:12     | Found a blossoming altar of Fedhas.
 19438 | D:12     | Reached skill level 12 in Air Magic
 19646 | D:13     | Received a gift from Sif Muna
 19647 | D:13     | Identified Xubeleas' Grimoire of Confrontation and Ignition (Sif Muna gifted it to you on level 13 of the Dungeon)
 20200 | D:13     | Found a staircase to the Lair.
 20216 | D:13     | Noticed Gastronok
 20839 | D:13     | Noticed Urug
 20863 | D:13     | Killed Urug
 20863 | D:13     | Reached skill level 5 in Charms
 20943 | D:13     | Noticed a four-headed hydra
 20997 | D:13     | Killed a four-headed hydra
 22399 | D:13     | HP: 3/72 [skeletal warrior/orcish mace (9)]
 22677 | Lair:1   | Entered Level 1 of the Lair of Beasts
 23190 | Lair:1   | Noticed a six-headed hydra
 23204 | Lair:1   | Killed a six-headed hydra
 23692 | Lair:1   | Slain by a black mamba

Action                   |  1- 3 |  4- 6 |  7- 9 | 10-12 || total
-------------------------+-------+-------+-------+-------++-------
Melee: Unarmed           |     9 |     2 |       |       ||    11
       Short sword       |       |    49 |    53 |   152 ||   254
       Spear             |       |       |       |     4 ||     4
 Cast: Magic Dart        |   115 |   201 |   402 |   515 ||  1233
       Mephitic Cloud    |       |     5 |    17 |    77 ||    99
       Conjure Flame     |       |     2 |    25 |   170 ||   197
       Swiftness         |       |       |       |    23 ||    23
       Airstrike         |       |       |       |   289 ||   289
       Repel Missiles    |       |       |       |    16 ||    16
       Static Discharge  |       |       |       |    32 ||    32
       Blink             |       |       |       |     3 ||     3
       Control Teleport  |       |       |       |     3 ||     3
Invok: Channel Energy    |       |       |    24 |   585 ||   609
 Abil: Spit Poison       |       |     1 |     1 |     1 ||     3
       Bottle Blood      |       |       |       |    55 ||    55
       Evoke Flight      |       |       |       |     4 ||     4
Evoke: Wand              |       |       |       |     1 ||     1
  Use: Potion            |     1 |     9 |       |    88 ||    98
       Scroll            |       |     7 |     5 |    12 ||    24
 Stab: Invisible         |       |     2 |       |       ||     2
       Confused          |       |     1 |     4 |     6 ||    11
       Sleeping          |       |       |     1 |     1 ||     2
